 Dungeon Crawl Stone Soup version 0.20-a0-1033-g05abe66 (webtiles) character file.

273 Banto the Poker (level 6, -14/44 HPs)
             Began as a Demonspawn Gladiator on Apr 21, 2017.
             Was an Initiate of Okawaru.
             Killed from afar by Dowan (17 damage)
             ... with a stone arrow
             ... on level 4 of the Dungeon.
             The game lasted 00:02:52 (2247 turns).

Banto the Poker (Demonspawn Gladiator)              Turns: 2247, Time: 00:02:53

Health: -14/44     AC:  9    Str: 14    XL:     6   Next: 2%
Magic:  6/6        EV: 13    Int:  9    God:    Okawaru [......]
Gold:   163        SH:  2    Dex: 17    Spells: 5/5 levels left

rFire    . . .     SeeInvis .   a - +0 trident
rCold    . . .     Gourm    .   (no shield)
rNeg     . . .     Faith    .   b - +0 leather armour
rPois    .         Spirit   .   (helmet restricted)
rElec    .         Reflect  +   (no cloak)
rCorr    .         Harm     .   (no gloves)
MR       .....                  (no boots)
Stlth    +.........             c - +2 amulet of reflection
Regen    0.2/turn               (no ring)
MPRegen  0.1/turn               (no ring)

@: sanguine armour, very slightly contaminated, invisible
A: antennae 1, spiny 2, sanguine armour 1
a: Renounce Religion


You were on level 4 of the Dungeon.
You worshipped Okawaru.
Okawaru was noncommittal.
You were hungry.

You visited 1 branch of the dungeon, and saw 4 of its levels.

You collected 163 gold pieces.

Inventory:

Hand Weapons
 a - a +0 trident (weapon)
Missiles
 d - 3 throwing nets (quivered)
 k - 6 curare-tipped needles
Armour
 b - a +0 leather armour (worn)
Jewellery
 c - a +2 amulet of reflection (around neck)
Scrolls
 e - a scroll of teleportation
 l - a scroll of identify
Potions
 g - a potion of invisibility
 h - a potion of berserk rage {unknown}
 i - 3 potions of curing
 j - a potion of agility {unknown}
Comestibles
 f - 3 bread rations
 m - a royal jelly
 n - 4 fruits


   Skills:
 - Level 2.0 Fighting
 + Level 6.2 Polearms
 - Level 1.7 Throwing
 - Level 2.6 Dodging


You had 5 spell levels left.
You didn't know any spells.

Dungeon Overview and Level Annotations

Branches:
Dungeon (4/15)
 Temple: D:4-7

Altars:
Dithmenos
Hepliaklqana
Okawaru
Xom

Annotations:
D:4 Dowan


Innate Abilities, Weirdness & Mutations

You have a pair of small antennae on your head.
You are mostly covered in sharp spines.
When seriously injured, your bleeding wounds create armour. (AC +6)


Message History

Attack whom?
Press: ? - help, Dir - move target cursor, f - Dowan
Aim: Dowan, wielding a dagger, wearing a robe and carrying a wand of flame (?/48) {zapped: 2} (moderately wounded)
You reach to attack!
You strike the helpless Dowan from behind!
You hit Dowan.
Dowan is moderately wounded.
Your blood congeals into armour.
Dowan shakes his head, saying, "No, no, no!"
Things that are here:
an enchanted short sword; a ring mail; the elf corpse of Duvessa Attack whom?
Press: ? - help, Dir - move target cursor, f/p - Dowan
Aim: Dowan, wielding a dagger, wearing a robe and carrying a wand of flame (?/48) {zapped: 2} (moderately wounded)
You catch the helpless Dowan completely off-guard!
You hit Dowan.
Dowan is heavily wounded.
Dowan gestures at you while chanting. The stone arrow hits you!
You die...

{#..............#
#.........###...
#.........# .#
#.........## #
#..........#
#........#.##
#........#..#
###########.#
#@## #e.# ##.#
..$............
########..#####
..# ..# ..# ..#


You could see Dowan.

Vanquished Creatures
  Natasha (D:2)
  An orc wizard (D:3)
  7 adders
  4 worms
  A dart slug (D:3)
  A leopard gecko (D:2)
  8 orcs (D:3)
  3 giant cockroaches
  6 goblins
  9 hobgoblins
  10 jackals
  A ball python (D:3)
  12 bats
  A frilled lizard (D:2)
  4 kobolds
  7 rats
76 creatures vanquished.

Vanquished Creatures (others)
  Duvessa (D:4)
1 creature vanquished.

Grand Total: 77 creatures vanquished

Notes
Turn   | Place    | Note
-------+----------+-------------------------------------------
     0 | D:1      | Banto the Demonspawn Gladiator began the quest for the Orb.
     0 | D:1      | Reached XP level 1. HP: 16/16 MP: 1/1
    77 | D:1      | Reached skill level 3 in Polearms
   107 | D:1      | Gained mutation: You have a pair of small antennae on your head. [demonic ancestry]
   107 | D:1      | Reached XP level 2. HP: 7/22 MP: 2/2
   824 | D:2      | Found a shadowy altar of Dithmenos.
   824 | D:2      | Found a hazy altar of Hepliaklqana.
   846 | D:2      | Gained mutation: You are partially covered in sharp spines. [demonic ancestry]
   846 | D:2      | Reached XP level 3. HP: 19/27 MP: 3/3
  1004 | D:2      | Reached skill level 4 in Polearms
  1167 | D:2      | Noticed Natasha
  1176 | D:2      | Killed Natasha
  1176 | D:2      | Gained mutation: You are mostly covered in sharp spines. [demonic ancestry]
  1176 | D:2      | Reached XP level 4. HP: 28/33 MP: 4/4
  1483 | D:2      | Found a shimmering altar of Xom.
  1531 | D:3      | Reached skill level 5 in Polearms
  1570 | D:3      | Reached XP level 5. HP: 31/38 MP: 5/5
  1838 | D:3      | Found an iron altar of Okawaru.
  2151 | D:3      | Became a worshipper of Warmaster Okawaru
  2228 | D:4      | Noticed Duvessa
  2228 | D:4      | Noticed Dowan
  2244 | D:4      | Killed Duvessa
  2244 | D:4      | Reached skill level 6 in Polearms
  2244 | D:4      | Gained mutation: When seriously injured, your bleeding wounds create armour. (AC +6) [demonic ancestry]
  2244 | D:4      | Reached XP level 6. HP: 3/44 MP: 6/6
  2247 | D:4      | Killed from afar by Dowan

Vault maps used:
D:1:      scummos_arrival_gate, minmay_splitting_lines,
          minmay_misc_feat_four_crosses, minmay_misc_feat_room
D:2:      chequers_temple_overflow_statue_of_worship,
          lemuel_coloured_pillars_altar, minmay_box_of_dots, uniq_natasha
D:3:      marbit_many_paths, first_bread
D:4:      kennysheep_mini, uniq_duvessa

Skill      XL: |  1  2  3  4  5 |
---------------+----------------+-----
Polearms       | 3 4 5 6 |  6.2
Fighting       | |  2.0
Throwing       | |  1.7
Dodging        | |  2.6

Action                   |  1- 3 |  4- 6 || total
-------------------------+-------+-------++-------
Melee: Trident           |   104 |   125 ||   229
  Use: Scroll            |     4 |     2 ||     6
       Potion            |       |     1 ||     1
 Stab: Sleeping          |     3 |     4 ||     7
       Invisible         |       |     4 ||     4
  Eat: Chunk             |     1 |     3 ||     4
Armor: Leather armour    |    25 |    10 ||    35
Dodge: Dodged            |    65 |    47 ||   112
Block: Other             |     1 |     4 ||     5
       Reflection        |       |     1 ||     1

Table legend:
 A = Turns spent in this place as a percentage of turns spent in the entire game.
 B = Non-inter-level travel turns spent in this place as a percentage of non-inter-level travel turns spent in the entire game.
 C = Inter-level travel turns spent in this place as a percentage of turns spent in this place.
 D = Turns resting spent in this place as a percentage of non-inter-level travel turns spent in this place.
 E = Turns spent auto-exploring this place as a percentage of non-inter-level travel turns spent in this place.
 F = Non-inter-level travel turns spent in this place divided by the number of levels of this place that you've seen.
                   A       B       C       D       E      F
               +-------+-------+-------+-------+-------+----------------------
         Total | 100.0 | 100.0 |   0.5 |   1.6 |  13.2 | 186.0
       Dungeon | 100.0 | 100.0 |   0.5 |   1.6 |  13.2 | 186.0
               +-------+-------+-------+-------+-------+----------------------

Table legend:
 A = Kills in this place as a percentage of kills in entire the game.
 B = Kills by you in this place as a percentage of kills by you in the entire game.
 C = Kills by friends in this place as a percentage of kills by friends in the entire game.
 D = Other kills in this place as a percentage of other kills in the entire game.
 E = Experience gained in this place as a percentage of experience gained in the entire game.
 F = Experience gained in this place divided by the number of levels of this place that you have seen.
                   A       B       C       D       E      F
               +-------+-------+-------+-------+-------+----------------------
         Total | 100.0 | 100.0 |  -nan | 100.0 | 100.0 |  97.5
       Dungeon | 100.0 | 100.0 |  -nan | 100.0 | 100.0 |  97.5
               +-------+-------+-------+-------+-------+----------------------
